 Dungeon Crawl Stone Soup version 0.17.1-3-g152610e (webtiles) character file.

726712 inmateoo the Shatterer (level 27, -24/186 HPs)
             Began as a Gargoyle Fighter on Feb 25, 2016.
             Was the Champion of the Shining One.
             Killed from afar by a Hell Sentinel (52 damage)
             ... with an iron shot
             ... on level 7 of the Iron City of Dis.
             The game lasted 02:12:12 (66484 turns).

inmateoo the Shatterer (Gargoyle Fighter)          Turns: 66484, Time: 02:12:12

Health: -24/186    AC: 61    Str: 32    XL:     27
Magic:  33/37      EV: 22    Int: 12    God:    the Shining One [******]
Gold:   6148       SH: 19    Dex: 16    Spells: 10 memorised, 3 levels left

rFire  + . .     SeeInvis .     I - +9 eveningstar (holy)
rCold  + + +     Clarity  .     M - +7 plate armour {MR+}
rNeg   + + +     SustAt   .     u - +1 shield "Axiubla" {MR+ Int+2}
rPois  ∞         Gourm    .     a - +1 hat {MR+}
rElec  +         Spirit   .     o - +2 cloak of Starlight {rElec rC+ EV+4 Stlth--}
rCorr  +         Warding  .     D - +3 pair of gauntlets of War {Slay+5}
rMut   .         Stasis   .     Y - +0 pair of boots of the Trees {rC+}
MR     +++++                    r - amulet of resist corrosion
Stlth  ..........               s - ring of Harmony {*Drain rElec rC++ MR+}
                                l - ring "Teewesuh" {rF+ rC+ rN+ Str-2 Dex+2}

@: mighty, very slightly contaminated, hasted, glowing, very quick, almost
entirely resistant to hostile enchantments, extremely unstealthy
A: big wings, hooves 1, thin metallic scales 1, negative energy resistance 1,
regeneration 1, electricity resistance, spit poison 1, strong 1, unbreathing,
evolution 1, petrification resistance, rot immunity, AC +20
a: Spit Poison, Fly, Divine Shield, Cleansing Flame, Summon Divine Warrior,
Renounce Religion
}: 4/15 runes: barnacled, silver, bone, gossamer


You were on level 7 of the Iron City of Dis.
You worshipped the Shining One.
The Shining One was exalted by your worship.
You were very full.

You visited 13 branches of the dungeon, and saw 67 of its levels.
You also visited: Ice Cave and Wizlab.

You collected 7617 gold pieces.
You spent 1469 gold pieces at shops.

Inventory:

Hand Weapons
 h - the +8 eveningstar "Omunic" {crush, *Corrode rF+ rN++}
   (Okawaru gifted it to you on level 4 of the Spider Nest)

   It inflicts extra damage upon your enemies.
   It protects you from fire.
   It greatly protects you from negative energy.
   It may corrode your equipment when you take damage.
 I - a +9 eveningstar of holy wrath (weapon)
Armour
 a - a +1 hat of magic resistance (worn)
 o - the +2 cloak of Starlight (worn) {rElec rC+ EV+4 Stlth--}
   (Okawaru gifted it to you on level 2 of the Shoals)

   It affects your evasion (+4).
   It protects you from cold.
   It insulates you from electricity.
   It makes you much less stealthy.
 u - the +1 shield "Axiubla" (worn) {MR+ Int+2}
   (Okawaru gifted it to you on level 3 of the Orcish Mines)

   It affects your intelligence (+2).
   It affects your resistance to hostile enchantments.
 D - the +3 pair of gauntlets of War (worn) {Slay+5}
   (Okawaru gifted it to you on level 4 of the Depths)

   It affects your accuracy and damage with ranged weapons and melee attacks
   (+5).
 M - a +7 plate armour of magic resistance (worn)
 Q - a +2 shield of reflection
 Y - the +0 pair of boots of the Trees (worn) {rC+}
   (You acquired it on level 2 of the Orcish Mines)

   It protects you from cold.
Jewellery
 f - an uncursed ring of sustain attributes
 i - an uncursed amulet of resist mutation
 l - the ring "Teewesuh" (left hand) {rF+ rC+ rN+ Str-2 Dex+2}
   (You took it off a deep elf fighter on level 3 of the Elven Halls)

   [ring of protection from fire]

   It affects your strength (-2).
   It affects your dexterity (+2).
   It protects you from fire.
   It protects you from cold.
   It protects you from negative energy.
 r - an amulet of resist corrosion (around neck)
 s - the ring of Harmony (right hand) {*Drain rElec rC++ MR+}
   (You took it off an orc warrior on level 5 of the Vaults)

   [ring of protection from magic]

   It greatly protects you from cold.
   It insulates you from electricity.
   It affects your resistance to hostile enchantments.
   It causes draining when unequipped.
 t - an uncursed ring of protection from fire
Wands
 v - a wand of hasting (3)
 y - a wand of disintegration (15)
 z - a wand of disintegration (17)
 C - a wand of digging (7)
 P - a wand of teleportation (1)
 S - a wand of teleportation (4)
Scrolls
 j - 6 scrolls of recharging
 n - 3 scrolls of silence
 p - a scroll of holy word
 w - 28 scrolls of remove curse
 B - 2 scrolls of teleportation
 E - 3 scrolls of enchant armour
 F - 2 scrolls of blinking
 H - 4 scrolls of fog
 J - 3 scrolls of identify
 O - a scroll of summoning
 R - 5 scrolls of magic mapping
 X - 7 scrolls of fear
Potions
 c - 6 potions of magic
 d - 5 potions of might
 g - 13 potions of brilliance
 k - 9 potions of agility
 q - 23 potions of curing
 G - 11 potions of resistance
 K - 4 potions of berserk rage
 N - 4 potions of haste
 U - 2 potions of cure mutation
 Z - 5 potions of cancellation
Books
 b - an Akashic Record

   Spells                             Type                      Level
   a - Dispersal                      Translocation                6
   b - Malign Gateway                 Summoning/Translocation      7
   c - Disjunction                    Translocation                8
   d - Controlled Blink               Translocation                8
Comestibles
 e - 21 bread rations
 m - 28 meat rations


   Skills:
 + Level 22.7 Fighting
 * Level 26.0 Maces & Flails
 + Level 20.9 Armour
 + Level 15.0 Dodging
 + Level 20.9 Shields
 - Level 7.3 Spellcasting
 * Level 20.9 Invocations


You had 3 spell levels left.
You knew the following spells:

 Your Spells              Type           Power        Failure   Level  Hunger
a - Repel Missiles        Chrm/Air       #.....       87%         2    #......
b - Blink                 Tloc           N/A          87%         2    #......
c - Deflect Missiles      Chrm/Air       #.........   100%        6    #######
d - Iron Shot             Conj/Erth      #.........   100%        6    #######
e - Apportation           Tloc           #.........   67%         1    None
f - Shroud of Golubria    Chrm/Tloc      #.........   87%         2    #......
g - Song of Slaying       Chrm           #.......     87%         2    #......
h - Passage of Golubria   Tloc           N/A          100%        4    ####...
i - Spectral Weapon       Hex/Chrm       #.......     99%         3    ###....
j - Tornado               Air            #.........   100%        9    #######


Dungeon Overview and Level Annotations

Branches:
Dungeon (15/15)            Temple (1/1) D:4            Lair (8/8) D:11
 Shoals (4/4) Lair:6       Spider (4/4) Lair:5        Slime (0/6) Lair:7
    Orc (4/4) D:9             Elf (3/3) Orc:4        Vaults (5/5) D:14
  Crypt (3/3) Vaults:2       Tomb (0/3) Crypt:3      Depths (5/5) D:15
   Hell (1/1)                 Dis (7/7) Hell            Geh (0/7) Hell
    Coc (0/7) Hell            Tar (7/7) Hell            Zot (0/5) Depths:5

Altars:
Ashenzari
Cheibriados
Dithmenos
Elyvilon
Fedhas
Gozag
Kikubaaqudgha
Makhleb
Nemelex Xobeh
Okawaru
Qazlal
Ru
Sif Muna
Trog
Vehumet
Xom
Yredelemnul
Zin
The Shining One
Beogh
Lugonu

Shops:
D:6 }   Orc:1 :   Orc:2 ?   Orc:4 (:[*   Elf:3 (   Shoals:3 (   Depths:5 }

Portals:
Hell: Depths:1 Depths:2 Depths:3 Depths:4 Depths:5
Abyss: Crypt:1 Depths:1 Depths:3 Depths:4
Pandemonium: Depths:1 Depths:3
Ziggurat: Depths:2
Trove: D:15 (show abyssal rune of Zot)

Annotations:
Elf:2 3 runed doors


Innate Abilities, Weirdness & Mutations

You are resistant to torment.
Your stone body is resilient (AC +20).
You are immune to poison.
Your large and strong wings let you fly indefinitely.
You resist negative energy.
You are resistant to electric shocks.
You can survive without breathing.
You are immune to petrification.
You are immune to rotting.
You have large cloven feet.
You are partially covered in thin metallic scales (AC +2).
Your natural rate of healing is unusually fast.
You can spit weak poison.
Your muscles are strong. (Str +2)
You evolve.


Message History

Unknown command.
You impale the Brimstone Fiend!!
You kill the Brimstone Fiend!
The Shining One accepts your kill.
Unknown command.
You block the Hell Sentinel's attack. x2
Unknown command.
You are struck by the Hell Sentinel's spines.
* * * LOW HITPOINT WARNING * * *
You impale the Hell Sentinel!!
The Hell Sentinel convulses.
The Hell Sentinel is lightly wounded.
The iron golem misses you. The iron golem hits you.
* * * LOW HITPOINT WARNING * * *
Unknown command.
Unknown command.
You bludgeon the Hell Sentinel!!
The Hell Sentinel convulses!!
The Hell Sentinel is heavily wounded.
The Hell Sentinel gestures at you. The iron shot hits you!
You die...

,,,,,,,,,****..............#**,,,
,,,,,,,**######.............#*,,,
,,,,,,***....###............#*,,,
,,,*+***,.....######+##.....#**,,
,,,*,,*,,8..8..##.....#......**,,
,,,*,,*,,.......#.....#......**,,
,,,****,,.......#...).#,....,***,
,,***,,,,......8#'#####,,...,,**,
,,**,,,,,......1@.#*,,,,,,,,,,**,
,***,,,,,8..8....8#**,,,,,,,,,**,
,**,,,,,,.....8....#*,,,,,,,,,***
***,,,,,,####......#**,,,,,,,,,**
,+,,,,,***,,###.....**,,,,,,,,,**
,*,,,,**,,**,,##....#*,,,,,,,,,**
,*,,,,*,******,#....#**,,,,,*****
**,,,**,*,,,,*,##...#**,,,,,*,,,+
*,,,,*,*,,,,,,*,*,,,,**,,,,,+,,,*


You could see a Hell Sentinel and 2 iron golems.

Vanquished Creatures
  Ereshkigal (Tar:7)
  the Serpent of Hell (Dis:7)
  5 ancient liches
  Mara (Depths:3)
  Sojobo (Depths:3)
  Boris (Depths:3)
  Frederick (Vaults:5)
  Margery (Vaults:5)
  6 caustic shrikes
  4 golden dragons
  Geryon (Hell)
  Jory (Depths:3)
  The ghost of bollicks1999 the Hoplite, an adept MiFi of the Shining One (Vaults:5)
  Xtahua (Vaults:5)
  2 bone dragons
  Jorgrun (Shoals:3)
  3 Brimstone Fiends (Dis:7)
  4 Ice Fiends (Dis:7)
  The ghost of inmateoo the Executioner, an adept MiNe of Okawaru (Vaults:3)
  3 tentacled monstrosities
  A Hell Sentinel (Dis:7)
  A Cloud Mage (WizLab)
  12 liches
  4 quicksilver dragons
  9 deep elf blademasters
  8 Shadow Fiends (Tar:7)
  12 deep elf master archers
  An eldritch tentacle (Dis:6)
  18 titans
  7 sphinxes
  2 krakens
  6 ancient champions
  6 shadow dragons
  Kirke (D:14)
  7 tengu reavers
  4 storm dragons
  Roxanne (Shoals:3)
  Ilsuiw (Shoals:4)
  Wiglaf (Vaults:1)
  2 revenants
  28 frost giants
  15 iron dragons
  3 deep elf sorcerers
  5 ghost moths
  5 emperor scorpions
  Aizul (Vaults:4)
  A balrug (Dis:7)
  Louise (Elf:3)
  A draconian zealot (Depths:5)
  A cacodemon (Dis:2)
  2 curse skulls
  A ghost moth (shapeshifter) (Depths:4)
  16 fire giants
  An orc warlord (Vaults:3)
  12 vault wardens
  An angel (Depths:2)
  14 ghouls
  17 very ugly things
  5 spriggan defenders
  35 stone giants
  11 war gargoyles
  18 ironheart preservers
  3 salamander firebrands (Hell)
  26 reapers
  2 green draconians (Depths:5)
  2 black draconians
  Nessos (D:13)
  A draconian caller (Depths:5)
  15 deep elf annihilators
  2 dire elephants (Depths:2)
  A red draconian (Tar:7)
  A vampire knight (Crypt:1)
  10 deep elf demonologists
  A salamander stormcaller (Vaults:2)
  Azrael (D:14)
  2 pale draconians (Depths:5)
  2 white draconians (Depths:5)
  4 purple draconians
  A blizzard demon (Hell)
  Snorg (Lair:4)
  A mummy priest (Crypt:3)
  2 merfolk javelineers
  An eidolon (Crypt:3)
  A green death (Hell)
  12 yaktaur captains
  13 ettins
  17 deep elf death magi
  5 merfolk impalers (Shoals:4)
  23 vault guards
  Josephine (D:13)
  7 fire dragons
  21 jiangshi
  2 large abominations
  6 deep elf high priests
  Fannar (Orc:1)
  15 ogre magi
  3 rakshasas
  6 great orbs of eyes
  10 ice dragons
  An anaconda (Depths:2)
  An ice dragon (shapeshifter) (D:13)
  6 hydras
  10 entropy weavers
  3 death knights
  A hell beast (Dis:6)
  11 merfolk aquamancers
  3 merfolk avatars
  A catoblepas (D:13)
  2 juggernaut simulacra (Depths:2)
  2 spriggan air magi
  11 centaur warriors
  5 dancing weapons
  An alligator snapping turtle (Shoals:4)
  4 satyrs
  8 vampire magi
  8 deep troll shamans
  8 orc high priests
  7 tengu warriors
  11 deep troll earth magi
  14 death yaks
  3 spriggan berserkers
  15 soul eaters
  2 titan zombies
  34 hell knights
  A small abomination (Vaults:5)
  3 hell hogs (Dis:2)
  2 iron golems (Hell)
  2 storm dragon zombies (Tar:7)
  A sun demon (Hell)
  4 titan skeletons
  7 ice devils (Hell)
  45 skeletal warriors
  10 flayed ghosts
  10 sea snakes
  13 deep elf knights
  4 giant orange brains
  16 iron trolls
  2 fire crabs
  5 shadow wraiths
  2 storm dragon skeletons
  A golden dragon zombie (Hell)
  An unseen horror (shapeshifter) (Depths:4)
  5 shadow demons
  24 deep trolls
  2 spriggan druids (Depths:2)
  An anaconda zombie (Crypt:3)
  A death drake (Tar:7)
  14 necromancers
  13 ironbrand convokers
  7 hill giants
  4 unseen horrors
  12 deep elf summoners
  A salamander mystic (Depths:2)
  23 harpies
  3 swamp dragons (Depths:5)
  32 orc knights
  7 phantasmal warriors
  A golden dragon skeleton (Depths:2)
  11 orb spiders
  An anaconda skeleton (Hell)
  8 hornets
  4 lindwurms
  A sphinx zombie (Depths:2)
  6 wizards
  2 wolf spider zombies
  15 manticores
  2 mana vipers (shapeshifter)
  15 griffons
  An orb spider (shapeshifter) (Depths:3)
  21 deep elf conjurers
  2 moths of wrath
  26 wolf spiders
  A shadow dragon skeleton (Tar:7)
  3 stone giant zombies
  5 fire giant zombies
  8 water nymphs
  A frost giant zombie (Dis:2)
  8 orc sorcerers
  4 salamanders
  An iron dragon zombie (Tar:7)
  2 black mambas (shapeshifter)
  27 slime creatures
  13 cyclopes
  An octopode (shapeshifter) (Vaults:4)
  13 elephants
  11 rust devils
  65 ugly things
  2 stone giant skeletons (Tar:7)
  The ghost of F1L1N the Ducker, a novice TrBe of Trog (D:4)
  A manticore (shapeshifter) (Depths:4)
  2 fire giant skeletons
  Maurice (Orc:3)
  9 sirens
  A shock serpent zombie (Tar:4)
  A guardian serpent (Lair:8)
  15 fauns
  2 torpor snails
  2 gargoyles
  12 vault sentinels
  2 dire elephant zombies
  2 frost giant skeletons
  10 black mambas
  An elf skeleton (Depths:3)
  A spiny frog (shapeshifter) (Depths:4)
  An elephant slug zombie (Crypt:1)
  A yellow draconian zombie (Crypt:1)
  An efreet (D:14)
  A catoblepas zombie (Tar:7)
  2 centaur skeletons
  6 kobold demonologists
  17 spiny frogs
  9 swamp worm zombies (Crypt:3)
  10 hellions
  3 red devils
  An anaconda simulacrum (Crypt:2)
  6 guardian mummies (Crypt:3)
  2 grey draconian skeletons
  3 tengu conjurers
  9 deep elf priests
  3 hydra zombies
  A queen bee (Orc:2)
  38 yaktaurs
  13 demonic crawlers
  29 jumping spiders
  6 tormentors
  A catoblepas skeleton (Tar:7)
  A fire drake (Lair:5)
  10 komodo dragons
  A merfolk (shapeshifter) (Depths:3)
  A black draconian skeleton (Crypt:3)
  A silent spectre (Tar:7)
  34 merfolk
  8 blue devils
  An iron troll skeleton (Crypt:2)
  8 trolls
  Grinder (D:2)
  A shadow dragon simulacrum (Crypt:2)
  An iron dragon simulacrum (Hell)
  15 freezing wraiths
  14 snapping turtles
  A sphinx simulacrum (Depths:3)
  2 hydra skeletons
  A fire giant simulacrum (Vaults:3)
  A harpy skeleton (Dis:5)
  3 boulder beetles
  2 fire dragon zombies
  24 two-headed ogres
  A hornet zombie (Crypt:3)
  3 alligator zombies
  A stone giant simulacrum (Crypt:2)
  A bog body (Crypt:1)
  An ice dragon zombie (Tar:7)
  7 blink frogs
  A satyr zombie (Crypt:1)
  10 wind drakes
  22 trapdoor spiders
  2 vampires
  An ettin zombie (Tar:7)
  3 wyverns
  2 fire dragon skeletons
  30 flying skulls
  A black mamba zombie (Hell)
  2 ettin skeletons
  9 spriggans
  2 alligator skeletons
  An ice dragon skeleton (Tar:7)
  A tarantella (shapeshifter) (Elf:2)
  30 shadows
  63 yaks
  9 water elementals
  11 hippogriffs
  24 deep elf magi
  27 tarantellas
  19 wraiths
  3 hungry ghosts
  3 basilisks
  3 hogs (D:14)
  An elf zombie (Depths:3)
  25 deep elf fighters
  2 hippogriffs (shapeshifter)
  A yak (shapeshifter) (Elf:3)
  3 steam dragons (Depths:5)
  44 redbacks
  Grum (D:9)
  45 air elementals
  A black mamba skeleton (Tar:7)
  9 wolves
  6 fire elementals
  22 vampire mosquitoes
  The ghost of emiel the Insei, an amateur TeMo (D:5)
  8 insubstantial wisps (WizLab)
  A torturous demonspawn zombie (Tar:7)
  15 water moccasins
  11 hell hounds
  3 mottled dragons
  12 wargs
  2 spiny frog zombies (Hell)
  3 soldier ants
  12 wasps
  11 ice beasts
  10 porcupines
  An ice beast (shapeshifter) (Depths:1)
  42 ogres
  3 sky beasts
  13 necrophages
  22 spiders
  48 orc warriors
  A phantom (D:9)
  A black bear (Lair:4)
  2 manticore zombies (Hell)
  An anubis guard zombie (Crypt:1)
  A snapping turtle zombie (Crypt:2)
  14 crocodiles
  19 centaurs
  17 boggarts
  A salamander zombie (Crypt:1)
  14 giant frogs
  2 brain worms
  5 big kobolds
  3 scorpions
  2 tengu zombies
  28 wights
  31 killer bees
  2 quasits
  A snapping turtle simulacrum (Hell)
  8 hounds
  4 crimson imps
  4 centaur zombies
  2 giant frog zombies
  A demonspawn zombie (Crypt:1)
  4 jellies
  A wyvern simulacrum (D:14)
  A human zombie (Crypt:2)
  19 iron imps
  A gnoll shaman (D:9)
  8 iguanas
  Crazy Yiuf (D:3)
  29 orc priests
  55 orc wizards
  2 giant frog skeletons
  11 worker ants
  2 human skeletons (Tar:7)
  Natasha (twice) (D:3 D:2)
  A porcupine zombie (Crypt:3)
  A brain worm zombie (Crypt:1)
  A killer bee zombie (D:5)
  37 sheep
  2 hound zombies
  A worker ant zombie (D:11)
  3 gnolls
  21 adders
  A river rat (shapeshifter) (Vaults:4)
  A steam dragon skeleton (Crypt:2)
  59 river rats
  7 shadow imps
  A white imp (IceCv)
  An ufetubus (IceCv)
  2 oozes (D:2)
  An ooze (shapeshifter) (Vaults:5)
  An adder skeleton (D:7)
  2 adder zombies
  3 worms
  2 giant geckos (D:7)
  246 orcs
  6 giant cockroaches
  A gnoll zombie (Crypt:3)
  8 goblins
  4 hobgoblins
  6 ball pythons
  10 bats
  3 giant newts
  17 jackals
  A jackal skeleton (Crypt:2)
  A jackal zombie (Crypt:2)
  29 kobolds
  An orc zombie (Dis:1)
  A quokka skeleton (Crypt:3)
  7 rats
  6 crawling corpses
  A fungus (Lair:5)
  2 plants
  4 tentacles
3122 creatures vanquished.

Vanquished Creatures (collateral kills)
  A vault guard (Vaults:5)
  2 shadows (Tar:7)
3 creatures vanquished.

Vanquished Creatures (others)
  A tengu reaver (Depths:3)
  2 fire giants
  A merfolk javelineer (Shoals:1)
  2 yaktaur captains
  2 satyrs
  An unseen horror (D:13)
  A wizard (D:14)
  A harpy (Shoals:1)
  A cyclops (Shoals:2)
  2 manticores
  A faun (Shoals:4)
  11 yaktaurs
  A hydra zombie (Tar:7)
  A tarantella (Spider:1)
  A water elemental (Shoals:4)
  An orc warrior (Orc:4)
  2 ogres
  3 boggarts
  3 centaurs
  An iron imp (Dis:7)
  A worker ant (D:14)
  5 white imps (IceCv)
  4 ufetubi (IceCv)
  5 eldritch tentacle segments (Dis:6)
  A fire vortex (Lair:8)
  9 fungi
  4 lost souls
  16 plants
  24 tentacles
  797 tentacle segments
905 creatures vanquished.

Grand Total: 4030 creatures vanquished

Notes
Turn   | Place    | Note
--------------------------------------------------------------
     0 | D:1      | inmateoo the Gargoyle Fighter began the quest for the Orb.
     0 | D:1      | Reached XP level 1. HP: 14/14 MP: 1/1
    50 | D:1      | Reached XP level 2. HP: 19/19 MP: 2/2
   605 | D:1      | Reached XP level 3. HP: 23/23 MP: 3/3
  1111 | D:2      | Reached XP level 4. HP: 28/28 MP: 4/4
  1304 | D:2      | Found a shimmering altar of Xom.
  1466 | D:3      | Reached skill level 4 in Shields
  1471 | D:3      | Found a white marble altar of Elyvilon.
  1471 | D:3      | Found a snail-covered altar of Cheibriados.
  1472 | D:3      | Found an iron altar of Okawaru.
  1482 | D:3      | Became a worshipper of Warmaster Okawaru
  1483 | D:3      | Noticed Natasha
  1507 | D:3      | Killed Natasha
  1507 | D:3      | Reached XP level 5. HP: 17/33 MP: 5/5
  1821 | D:3      | Noticed Grinder
  1827 | D:3      | Paralysed by Grinder for 7 turns
  1845 | D:3      | Noticed Natasha
  1851 | D:3      | Paralysed by Grinder for 7 turns
  1892 | D:2      | Killed Grinder
  1892 | D:2      | Reached * piety under Okawaru
  1892 | D:2      | Reached XP level 6. HP: 9/39 MP: 6/6
  2145 | D:2      | Killed Natasha
  2271 | D:3      | Found a glowing golden altar of the Shining One.
  2325 | D:3      | Found a glowing golden altar of the Shining One.
  2450 | D:3      | Noticed Crazy Yiuf
  2465 | D:3      | Killed Crazy Yiuf
  2741 | D:4      | Reached skill level 5 in Maces & Flails
  2741 | D:4      | Reached XP level 7. HP: 40/44 MP: 7/7
  2819 | D:4      | Noticed F1L1N's ghost (novice TrBe)
  2937 | D:4      | Reached skill level 5 in Armour
  2937 | D:4      | Reached skill level 5 in Shields
  3200 | D:4      | Found a staircase to the Ecumenical Temple.
  3586 | D:4      | Killed F1L1N's ghost
  3586 | D:4      | Reached ** piety under Okawaru
  3586 | D:4      | Reached skill level 5 in Fighting
  3586 | D:4      | Reached skill level 6 in Maces & Flails
  3586 | D:4      | Reached XP level 8. HP: 49/49 MP: 8/8
  3683 | D:5      | Entered Level 5 of the Dungeon
  3750 | D:5      | Noticed emiel's ghost (amateur TeMo)
  3765 | D:5      | Killed emiel's ghost
  3848 | D:5      | Found a basalt altar of Yredelemnul.
  4310 | D:5      | Reached *** piety under Okawaru
  4495 | D:6      | Reached skill level 7 in Maces & Flails
  4509 | D:6      | Found Daub's Gadget Boutique.
  4648 | D:6      | Found a shimmering altar of Xom.
  4652 | D:6      | Reached XP level 9. HP: 55/55 MP: 9/9
  4659 | D:6      | Found a shimmering altar of Xom.
  4659 | D:6      | Found a shimmering altar of Xom.
  4659 | D:6      | Found a shimmering altar of Xom.
  4660 | D:6      | Found a shimmering altar of Xom.
  4660 | D:6      | Found a shimmering altar of Xom.
  4661 | D:6      | Found a shimmering altar of Xom.
  5025 | D:7      | Reached **** piety under Okawaru
  5025 | D:7      | Received a gift from Okawaru
  5025 | D:7      | Reached skill level 8 in Maces & Flails
  5047 | D:7      | Found a shadowy altar of Dithmenos.
  5221 | D:7      | Found a sacrificial altar of Ru.
  5660 | D:7      | Found a radiant altar of Vehumet.
  5766 | D:8      | Found a sparkling altar of Nemelex Xobeh.
  5783 | D:8      | Found a bloodstained altar of Trog.
  7262 | D:9      | Reached skill level 9 in Maces & Flails
  7280 | D:9      | Reached XP level 10. HP: 58/63 MP: 10/10
  7318 | D:9      | Identified a scroll of acquirement
  7416 | D:9      | Reached ***** piety under Okawaru
  7706 | D:9      | Noticed Grum
  7721 | D:9      | Killed Grum
  7761 | D:9      | Reached skill level 1 in Invocations
  7822 | D:9      | Found a staircase to the Orcish Mines.
  7991 | D:9      | Reached skill level 10 in Maces & Flails
  8049 | D:10     | Entered Level 10 of the Dungeon
  8067 | D:10     | Received a gift from Okawaru
  8153 | D:10     | Noticed a hill giant
  8351 | D:10     | Noticed a cyclops
  8359 | D:10     | Killed a cyclops
  8359 | D:10     | Received a gift from Okawaru
  8458 | D:10     | Reached XP level 11. HP: 63/69 MP: 13/13
  8718 | D:10     | Killed a hill giant
  8784 | D:11     | Noticed a skeletal warrior
  8795 | D:11     | Killed a skeletal warrior
  8796 | D:11     | Noticed a skeletal warrior
  8797 | D:11     | Noticed a skeletal warrior
  8798 | D:11     | Noticed a skeletal warrior
  8828 | D:10     | Killed a skeletal warrior
  8828 | D:10     | Reached skill level 11 in Maces & Flails
  8852 | D:10     | Killed a skeletal warrior
  8935 | D:10     | Killed a skeletal warrior
  8974 | D:11     | Found a staircase to the Lair.
  9235 | D:11     | Found a frozen archway.
  9246 | D:11     | Reached skill level 5 in Invocations
  9311 | IceCv    | Entered an ice cave
  9652 | D:11     | Noticed an eight-headed hydra
  9668 | D:11     | Killed an eight-headed hydra
  9668 | D:11     | Received a gift from Okawaru
  9668 | D:11     | Reached XP level 12. HP: 76/76 MP: 12/15
 10050 | D:12     | Gained mutation: You are agile. (Dex +2) [mutagenic meat]
 10051 | D:12     | Gained mutation: You occasionally shout uncontrollably at your foes. [mutagenic meat]
 10052 | D:12     | Gained mutation: You are frail (-10% HP). [mutagenic meat]
 10053 | D:12     | Gained mutation: Your spells are a little harder to cast, but a little more powerful. [potion of mutation]
 10053 | D:12     | Gained mutation: You are partially covered in thin metallic scales (AC +2). [potion of mutation]
 10053 | D:12     | Lost mutation: You are frail (-10% HP). [potion of mutation]
 10054 | D:12     | Lost mutation: Your spells are a little harder to cast, but a little more powerful. [potion of mutation]
 10054 | D:12     | Gained mutation: You can spit weak poison. [potion of mutation]
 10054 | D:12     | Gained mutation: You tend to lose your temper in combat. [potion of mutation]
 10170 | D:12     | Reached skill level 12 in Maces & Flails
 10319 | D:12     | Found a white marble altar of Elyvilon.
 10688 | D:13     | Reached skill level 10 in Fighting
 10696 | D:13     | Reached skill level 10 in Armour
 10863 | D:13     | Reached skill level 10 in Shields
 10875 | D:13     | Noticed a queen ant
 10882 | D:13     | Noticed an ice dragon
 10892 | D:13     | Killed an ice dragon
 10921 | D:13     | Lost mutation: You can spit weak poison. [mutagenic meat]
 10922 | D:13     | Gained mutation: You can spit weak poison. [mutagenic meat]
 10923 | D:13     | Gained mutation: Your muscles are strong. (Str +2) [mutagenic meat]
 10924 | D:13     | Gained mutation: You are dopey. (Int -2) [mutagenic meat]
 10978 | D:13     | Noticed Nessos
 11001 | D:13     | Killed Nessos
 11001 | D:13     | Reached ****** piety under Okawaru
 11085 | D:13     | Noticed a catoblepas
 11113 | D:13     | Killed a catoblepas
 11113 | D:13     | Received a gift from Okawaru
 11389 | D:14     | Noticed Kirke
 11543 | Lair:1   | Entered Level 1 of the Lair of Beasts
 11604 | Lair:1   | Reached XP level 13. HP: 83/83 MP: 18/18
 11669 | Lair:1   | Reached skill level 13 in Maces & Flails
 11932 | Lair:1   | Noticed a seven-headed hydra
 11943 | Lair:1   | Killed a seven-headed hydra
 12810 | Lair:2   | Received a gift from Okawaru
 14193 | Lair:4   | Received a gift from Okawaru
 14202 | Lair:4   | Reached skill level 14 in Maces & Flails
 14299 | Lair:4   | Noticed Snorg
 14326 | Lair:4   | Killed Snorg
 14329 | Lair:4   | Gained mutation: Your large and strong wings let you fly indefinitely. [Gargoyle growth]
 14329 | Lair:4   | Reached XP level 14. HP: 69/90 MP: 18/20
 15588 | Lair:5   | Received a gift from Okawaru
 15637 | Lair:5   | Got a jewelled scale mail {god gift}
 15648 | Lair:5   | Identified the +3 scale mail of Kizij {rPois rN+} (Okawaru gifted it to you on level 5 of the Lair of Beasts)
 15688 | Lair:5   | Found a hole to the Spider Nest.
 16550 | Lair:6   | Found a staircase to the Shoals.
 16742 | Lair:6   | Got a steaming chain mail
 16753 | Lair:6   | Identified the +2 chain mail of Xoahoy {-Tele +Fly rCorr Int+9} (You found it on level 6 of the Lair of Beasts)
 17043 | Lair:7   | Found a shimmering altar of Xom.
 17418 | Lair:7   | Found a staircase to the Slime Pits.
 17438 | Lair:7   | Reached skill level 15 in Maces & Flails
 17707 | Lair:7   | Reached skill level 1 in Dodging
 17729 | Lair:7   | Received a gift from Okawaru
 17920 | Lair:8   | Entered Level 8 of the Lair of Beasts
 17960 | Lair:8   | Gained mutation: Your natural rate of healing is unusually fast. [potion of mutation]
 18042 | Lair:8   | Got an ichor-stained helmet
 18048 | Lair:8   | Identified the +2 helmet of an ossuary {rF- rC+ rN+} (You found it on level 8 of the Lair of Beasts)
 18260 | Lair:8   | Reached XP level 15. HP: 74/97 MP: 21/21
 18292 | Lair:8   | Learned a level 2 spell: Repel Missiles
 18295 | Lair:8   | Learned a level 2 spell: Blink
 18436 | Lair:8   | Received a gift from Okawaru
 19643 | Orc:1    | Entered Level 1 of the Orcish Mines
 19692 | Orc:1    | Noticed Fannar
 19712 | Orc:1    | Killed Fannar
 20089 | Orc:2    | Found Judoekihe's Magic Scroll Shop.
 20469 | Orc:2    | Bought 2 scrolls of acquirement for 1352 gold pieces
 20477 | Orc:2    | Got a pair of heavily runed boots
 20490 | Orc:2    | Identified the +0 pair of boots of the Trees {rC+} (You acquired it on level 2 of the Orcish Mines)
 20607 | Orc:2    | Lost mutation: You are agile. (Dex +2) [potion of cure mutation]
 20607 | Orc:2    | Lost mutation: You occasionally shout uncontrollably at your foes. [potion of cure mutation]
 20607 | Orc:2    | Lost mutation: You are dopey. (Int -2) [potion of cure mutation]
 20607 | Orc:2    | Lost mutation: You tend to lose your temper in combat. [potion of cure mutation]
 20607 | Orc:2    | Lost mutation: You can spit weak poison. [potion of cure mutation]
 20805 | Orc:1    | Found Qex Soti's Book Shop.
 20918 | Orc:1    | Found a runed door.
 21195 | Orc:1    | Found a roughly hewn altar of Beogh.
 21644 | Orc:4    | Entered Level 4 of the Orcish Mines
 21721 | Orc:3    | Received a gift from Okawaru
 21760 | Orc:3    | Got a heavily runed shield {god gift}
 21772 | Orc:3    | Identified the +1 shield "Axiubla" {MR+ Int+2} (Okawaru gifted it to you on level 3 of the Orcish Mines)
 21856 | Orc:3    | Noticed Maurice
 21862 | Orc:3    | Killed Maurice
 22335 | Orc:4    | Reached skill level 16 in Maces & Flails
 22388 | Orc:4    | Found a staircase to the Elven Halls.
 22703 | Orc:4    | Found Ixuonnei's General Store.
 22842 | Orc:4    | Found Urigam's Antique Weapon Shoppe.
 22842 | Orc:4    | Found Sounkuth's Book Boutique.
 22843 | Orc:4    | Found Viedough's Antique Armour Boutique.
 22901 | Orc:4    | Bought a potion of curing for 54 gold pieces
 22901 | Orc:4    | Bought a scroll of magic mapping for 63 gold pieces
 23508 | D:14     | Noticed Josephine
 23517 | D:13     | Killed Josephine
 23826 | D:14     | You fall through a shaft!
 23826 | D:15     | Entered Level 15 of the Dungeon
 24109 | D:15     | Received a gift from Okawaru
 24109 | D:15     | Reached XP level 16. HP: 96/104 MP: 22/22
 24255 | D:15     | Found a staircase to the Depths.
 24474 | D:15     | Found a portal to a secret trove of treasure.
 24953 | D:14     | Noticed Azrael
 24967 | D:14     | Killed Azrael
 24986 | D:14     | Noticed a tengu warrior
 25013 | D:14     | Killed a tengu warrior
 25022 | D:14     | Noticed a centaur warrior
 25051 | D:14     | Killed a centaur warrior
 25102 | D:14     | Learned a level 6 spell: Deflect Missiles
 25104 | D:14     | Found a gate to the Vaults.
 25411 | D:14     | Received a gift from Okawaru
 25418 | D:14     | Killed Kirke
 25418 | D:14     | Reached skill level 17 in Maces & Flails
 25438 | D:14     | Found a blossoming altar of Fedhas.
 26149 | Spider:1 | Entered Level 1 of the Spider Nest
 26162 | Lair:5   | Reached skill level 5 in Dodging
 26378 | Spider:1 | HP: 3/104 [demonic crawler (3)]
 27908 | Spider:2 | Gained mutation: You can spit weak poison. [potion of beneficial mutation]
 27909 | Spider:2 | Gained mutation: You have large cloven feet. [potion of beneficial mutation]
 27982 | Spider:2 | Reached XP level 17. HP: 102/110 MP: 24/24
 28143 | Spider:2 | Received a gift from Okawaru
 28340 | Spider:2 | Reached skill level 10 in Invocations
 28814 | Spider:4 | Entered Level 4 of the Spider Nest
 30203 | Spider:4 | Got a gossamer rune of Zot
 30230 | Spider:4 | Received a gift from Okawaru
 30582 | Spider:4 | Got a pitted eveningstar {god gift}
 30583 | Spider:4 | Identified the +8 eveningstar "Omunic" {crush, *Corrode rF+ rN++} (Okawaru gifted it to you on level 4 of the Spider Nest)
 30806 | Shoals:1 | Entered Level 1 of the Shoals
 30852 | Shoals:1 | Reached skill level 18 in Maces & Flails
 31365 | Shoals:1 | Reached XP level 18. HP: 113/116 MP: 26/26
 31879 | Shoals:2 | Received a gift from Okawaru
 32656 | Shoals:3 | Found Impury's Antique Weapon Boutique.
 32665 | Shoals:3 | Noticed Jorgrun
 32835 | Shoals:3 | Noticed Roxanne
 33384 | Shoals:3 | Killed Roxanne
 33386 | Shoals:3 | Identified Roxanne's Almanac of Dusty Moulding (You took it off Roxanne on level 3 of the Shoals)
 33479 | Shoals:3 | Killed Jorgrun
 33648 | Shoals:4 | Entered Level 4 of the Shoals
 33836 | Shoals:4 | Reached skill level 15 in Shields
 34022 | Shoals:4 | Reached skill level 15 in Armour
 34070 | Shoals:4 | Noticed Ilsuiw
 34107 | Shoals:4 | Killed Ilsuiw
 34107 | Shoals:4 | Received a gift from Okawaru
 34391 | Shoals:4 | Reached skill level 15 in Fighting
 34391 | Shoals:4 | Reached XP level 19. HP: 122/124 MP: 27/27
 34482 | Shoals:4 | Reached skill level 19 in Maces & Flails
 34586 | Shoals:4 | Got a barnacled rune of Zot
 35638 | Elf:1    | Entered Level 1 of the Elven Halls
 36091 | Elf:1    | Identified the Tome of Calling (You found it on level 1 of the Elven Halls)
 36732 | Elf:2    | Found a huge runed gate.
 36732 | Elf:2    | Found a huge runed gate.
 36732 | Elf:2    | Found a huge runed gate.
 37031 | Elf:3    | Entered Level 3 of the Elven Halls
 37084 | Elf:3    | Found Xiowo's Antique Weapon Emporium.
 37130 | Elf:3    | Found a magical portal.
 37137 | WizLab   | Entered The Chambers of Vammyik the Cloud Mage
 37538 | WizLab   | Received a gift from Okawaru
 37541 | WizLab   | Got a faintly humming cloak {god gift}
 37544 | WizLab   | Identified the +0 cloak of Submission {Int+3} (Okawaru gifted it to you in a wizard's laboratory)
 37612 | WizLab   | Identified the Volume of the Birds and Confrontation
 37615 | WizLab   | Identified the Compendium of Lightness and Blows and Bruises
 37627 | WizLab   | Learned a level 6 spell: Iron Shot
 37887 | Elf:3    | Noticed Louise
 37899 | Elf:3    | Killed Louise
 38180 | Elf:3    | Reached XP level 20. HP: 130/130 MP: 29/29
 38224 | Elf:3    | Got a brightly glowing steel ring
 38238 | Elf:3    | Identified the ring "Teewesuh" {rF+ rC+ rN+ Str-2 Dex+2} (You took it off a deep elf fighter on level 3 of the Elven Halls)
 38476 | Elf:3    | Received a gift from Okawaru
 38759 | Elf:3    | Got a vibrating turquoise ring
 38896 | Elf:3    | Identified the ring of Baidy {+Fly Str+4 Int+4 Slay+1 Stlth-} (You took it off a deep elf demonologist on level 3 of the Elven Halls)
 38903 | Elf:3    | Identified Sif Muna's Reference Book on the Volcanoes and Summoning (You found it on level 3 of the Elven Halls)
 38922 | Elf:3    | Identified Sif Muna's Papyrus of Hurtful Good Luck
 38925 | Elf:3    | Identified Laxaazxe's Incunabulum of the Birds and Aid
 39479 | Vaults:1 | Entered Level 1 of the Vaults
 39632 | Vaults:1 | Reached skill level 20 in Maces & Flails
 39888 | Vaults:1 | Received a gift from Okawaru
 39952 | Vaults:1 | Identified Borgnjor's Almanac of Unholy Rituals
 40425 | Vaults:1 | Noticed Wiglaf
 40465 | Vaults:1 | Killed Wiglaf
 40833 | Vaults:1 | Received a gift from Okawaru
 41030 | Vaults:1 | Reached XP level 21. HP: 136/136 MP: 30/30
 41075 | Vaults:1 | Found a shadowy altar of Dithmenos.
 41248 | Vaults:2 | Found a staircase to the Crypt.
 41248 | Vaults:2 | Found an ancient bone altar of Kikubaaqudgha.
 41249 | Vaults:2 | Found a basalt altar of Yredelemnul.
 41364 | Vaults:2 | Received a gift from Okawaru
 41864 | Vaults:2 | Identified Viown's Tome of the Spatial Blaze
 41948 | Vaults:2 | Reached skill level 10 in Dodging
 41953 | Vaults:2 | Learned a level 1 spell: Apportation
 42131 | Vaults:2 | Received a gift from Okawaru
 43413 | Vaults:3 | Gained mutation: You evolve. [potion of beneficial mutation]
 43481 | Vaults:3 | Found a roughly hewn altar of Beogh.
 43735 | Vaults:3 | Noticed inmateoo's ghost (adept MiNe)
 43775 | Vaults:3 | Killed inmateoo's ghost
 44362 | Vaults:4 | Reached skill level 21 in Maces & Flails
 44492 | Vaults:4 | Received a gift from Okawaru
 44496 | Vaults:4 | Reached XP level 22. HP: 144/144 MP: 30/32
 44665 | Vaults:4 | Noticed Aizul
 44691 | Vaults:4 | Killed Aizul
 45301 | Vaults:5 | Entered Level 5 of the Vaults
 45301 | Vaults:5 | Noticed Xtahua
 45441 | Vaults:5 | Received a gift from Okawaru
 45446 | Vaults:5 | Noticed bollicks1999's ghost (adept MiFi)
 45802 | Vaults:5 | Noticed an ancient lich
 45828 | Vaults:5 | Killed an ancient lich
 45865 | Vaults:5 | Got a shimmering ruby amulet
 46129 | Vaults:5 | Got a transparent graven amulet
 46130 | Vaults:5 | Identified the amulet of Fatigue {Inacc MR+} (You found it on level 5 of the Vaults)
 46131 | Vaults:5 | Identified the amulet "Ebyfrim" {Stasis rC+ MP+9} (You took it off an ironbrand convoker on level 5 of the Vaults)
 46170 | Vaults:5 | Reached XP level 23. HP: 140/150 MP: 31/34
 46494 | Vaults:5 | Received a gift from Okawaru
 46509 | Vaults:5 | Reached skill level 15 in Invocations
 46565 | Vaults:5 | Got a glittering marble ring
 46593 | Vaults:5 | Received a gift from Okawaru
 46596 | Vaults:5 | Noticed Margery
 46622 | Vaults:5 | Killed Margery
 46719 | Vaults:5 | Identified the ring of Harmony {*Drain rElec rC++ MR+} (You took it off an orc warrior on level 5 of the Vaults)
 46889 | Vaults:5 | Reached skill level 22 in Maces & Flails
 46941 | Vaults:5 | Killed Xtahua
 47136 | Vaults:5 | Killed bollicks1999's ghost
 47188 | Vaults:5 | Reached XP level 24. HP: 157/157 MP: 34/34
 47189 | Vaults:5 | Reached XP level 25. HP: 163/163 MP: 34/34
 47281 | Vaults:5 | Noticed Frederick
 47293 | Vaults:5 | Killed Frederick
 47308 | Vaults:5 | Noticed an ancient lich
 47321 | Vaults:5 | Killed an ancient lich
 47680 | Vaults:5 | Noticed an ancient lich
 47696 | Vaults:5 | Killed an ancient lich
 47696 | Vaults:5 | Received a gift from Okawaru
 47702 | Vaults:5 | Got a pair of faintly glowing gloves {god gift}
 47713 | Vaults:5 | Identified the +0 pair of gloves of Okawaru's Delight {Slay+3} (Okawaru gifted it to you on level 5 of the Vaults)
 47836 | Vaults:5 | Got a silver rune of Zot
 48210 | Vaults:1 | Reached XP level 26. HP: 170/170 MP: 34/34
 48298 | Depths:1 | Entered Level 1 of the Depths
 48492 | Depths:1 | Learned a level 2 spell: Shroud of Golubria
 48495 | Depths:1 | Learned a level 2 spell: Song of Slaying
 48500 | Depths:1 | Learned a level 4 spell: Passage of Golubria
 48509 | Depths:1 | Found a one-way gate to the infinite horrors of the Abyss.
 48629 | Depths:1 | Reached skill level 1 in Spellcasting
 48669 | Depths:1 | Found a one-way gate leading to the halls of Pandemonium.
 48883 | Depths:1 | Found a gateway to Hell.
 48939 | Depths:1 | Found a deep blue altar of Sif Muna.
 49575 | Depths:2 | Identified the Grimoire of Combat Magic
 49580 | Depths:2 | Learned a level 3 spell: Spectral Weapon
 49615 | Depths:2 | Reached skill level 23 in Maces & Flails
 49648 | Depths:2 | Received a gift from Okawaru
 49847 | Depths:2 | Got a sparkling lead ring
 49848 | Depths:2 | Identified the ring "Jesime Uradgh" {rN+ AC+4 Int+4 SInv} (You found it on level 2 of the Depths)
 49935 | Depths:2 | Found a gateway to a ziggurat.
 50648 | Depths:2 | Received a gift from Okawaru
 50848 | Depths:3 | Noticed Mara
 50852 | Depths:3 | Noticed inmateoo's illusion
 50861 | Depths:3 | Noticed Sojobo
 50867 | Depths:3 | Noticed Boris
 50928 | Depths:2 | Gained mutation: You are agile. (Dex +2) [evolution]
 51006 | Depths:3 | Noticed Jory
 51017 | Depths:3 | Killed Jory
 51094 | Depths:3 | Noticed inmateoo's illusion
 51421 | Depths:3 | Reached XP level 27. HP: 163/178 MP: 33/35
 51585 | Depths:3 | Killed Boris
 51771 | Depths:3 | Got a smoking golden ring
 51772 | Depths:3 | Identified the ring "Zatzoel" {rPois MR+} (You took it off a tengu reaver on level 3 of the Depths)
 51872 | Depths:3 | Received a gift from Okawaru
 51958 | Depths:3 | Killed Sojobo
 51970 | Depths:3 | Noticed inmateoo's illusion
 52002 | Depths:3 | Killed Mara
 52334 | Depths:3 | Reached skill level 5 in Spellcasting
 52815 | Depths:4 | Got a smelly chain mail
 52816 | Depths:4 | Identified the +4 chain mail of Objectivity {Dex+5 Stlth-} (You found it on level 4 of the Depths)
 52896 | Depths:4 | Received a gift from Okawaru
 52978 | Depths:4 | Received a gift from Okawaru
 53718 | Depths:4 | Reached skill level 24 in Maces & Flails
 53989 | Depths:5 | Entered Level 5 of the Depths
 54384 | Depths:5 | Found Xitu's Gadget Shoppe.
 55308 | Depths:5 | Found a gate to the Realm of Zot.
 56061 | Temple   | Entered the Ecumenical Temple
 56219 | D:3      | Fell from the grace of Okawaru
 56219 | D:3      | Became a worshipper of the Shining One
 56237 | D:3      | Lost mutation: You are agile. (Dex +2) [evolution]
 56789 | Crypt:1  | Entered Level 1 of the Crypt
 56903 | Crypt:1  | Reached * piety under the Shining One
 57071 | Crypt:1  | Reached ** piety under the Shining One
 57316 | Crypt:1  | Found a corrupted altar of Lugonu.
 57473 | Crypt:1  | Reached *** piety under the Shining One
 57601 | Crypt:2  | Reached **** piety under the Shining One
 57658 | Crypt:2  | Got a bloodstained hat
 57659 | Crypt:2  | Identified the +1 hat of Poci {Str-3 Dex+5 SInv} (You acquired it on level 2 of the Crypt)
 58112 | Crypt:2  | Reached ***** piety under the Shining One
 58968 | Crypt:3  | Entered Level 3 of the Crypt
 59208 | Crypt:3  | Reached ****** piety under the Shining One
 59673 | Crypt:3  | Found a staircase to the Tomb.
 59816 | Crypt:3  | Got a coiled iron ring
 59817 | Crypt:3  | Identified the ring of Honesty {rN+ Int+3 Dex+3} (You found it on level 3 of the Crypt)
 59829 | Crypt:3  | Identified Sutuodit's Papyrus of Torrid Confrontation
 59840 | Crypt:3  | Learned a level 9 spell: Tornado
 60575 | D:3      | Identified a +9 eveningstar of holy wrath (a +9 eveningstar of freezing blessed by the Shining One)
 60575 | D:3      | Received a gift from the Shining One
 63507 | Hell     | Entered the Vestibule of Hell
 63507 | Hell     | Noticed Geryon
 63519 | Hell     | Killed Geryon
 63659 | Hell     | Found a gateway to the decaying netherworld of Tartarus.
 63714 | Hell     | Reached skill level 25 in Maces & Flails
 63728 | Hell     | Found a gateway to the ashen valley of Gehenna.
 63804 | Hell     | Found a gateway to the Iron City of Dis.
 64018 | Hell     | Found a gateway to the freezing wastes of Cocytus.
 64102 | Tar:1    | Entered Level 1 of Tartarus
 64314 | Tar:7    | Entered Level 7 of Tartarus
 64374 | Tar:7    | Got a vibrating lead ring
 64375 | Tar:7    | Identified the ring "Ruer Momma" {Dex+2 SInv Stlth-} (You found it on level 7 of Tartarus)
 64698 | Tar:7    | Identified the Tome of the Hurtful Arsonist
 64701 | Tar:7    | Identified the Compendium of Moulding
 64708 | Tar:7    | Got a translucent pewter ring
 64709 | Tar:7    | Identified the ring of Rabeluv {rC- rN+ Str+4 Dex+2 Stlth-} (You found it on level 7 of Tartarus)
 64825 | Tar:7    | Identified Engyawn's Volume of Bewitchment and the Glacier
 64830 | Tar:7    | Identified the Volume of Poisonous Transformation
 64839 | Tar:7    | Got an ichor-stained helmet
 64840 | Tar:7    | Identified the +5 helmet of Eternal Night {rPois Str-2 Dex+3} (You found it on level 7 of Tartarus)
 65057 | Tar:7    | Noticed an ancient lich
 65064 | Tar:7    | Killed an ancient lich
 65141 | Tar:7    | Noticed an ancient lich
 65147 | Tar:7    | Killed an ancient lich
 65294 | Tar:7    | Noticed Ereshkigal
 65308 | Tar:7    | Killed Ereshkigal
 65336 | Tar:7    | Got a bone rune of Zot
 65494 | Dis:1    | Entered Level 1 of the Iron City of Dis
 66133 | Dis:7    | Entered Level 7 of the Iron City of Dis
 66379 | Dis:7    | Reached skill level 26 in Maces & Flails
 66447 | Dis:7    | Noticed the Serpent of Hell
 66476 | Dis:7    | Killed the Serpent of Hell
 66476 | Dis:7    | Reached skill level 15 in Dodging
 66484 | Dis:7    | Killed from afar by a Hell Sentinel

Action                   |  1- 3 |  4- 6 |  7- 9 | 10-12 | 13-15 | 16-18 | 19-21 | 22-24 | 25-27 || total
-------------------------+-------+-------+-------+-------+-------+-------+-------+-------+-------++-------
Melee: Flail             |   113 |   212 |   115 |       |       |       |       |       |       ||   440
       Morningstar       |       |       |   203 |   637 |  2002 |  1314 |       |       |       ||  4156
       Eveningstar       |       |       |       |       |       |   709 |  1988 |   902 |  3755 ||  7354
Invok: Heroism           |       |       |       |     4 |    13 |    11 |    10 |     7 |    14 ||    59
       Finesse           |       |       |       |       |     2 |     1 |       |     2 |     2 ||     7
       Cleansing Flame   |       |       |       |       |       |       |       |       |    33 ||    33
       Divine Shield     |       |       |       |       |       |       |       |       |     2 ||     2
       Summon Divine War |       |       |       |       |       |       |       |       |     1 ||     1
       Brand Weapon With |       |       |       |       |       |       |       |       |     1 ||     1
 Abil: Evoke Berserk Rag |       |     4 |       |     2 |     1 |       |       |       |       ||     7
       Fly               |       |       |       |       |     1 |     1 |       |       |     1 ||     3
       Stop Flying       |       |       |       |       |     1 |       |     1 |       |     1 ||     3
Evoke: Wand              |       |       |     1 |       |       |    14 |     4 |     4 |    13 ||    36
  Use: Scroll            |       |     6 |     4 |    14 |    18 |    10 |    24 |    10 |    26 ||   112
       Potion            |       |       |     1 |     2 |     2 |    13 |     1 |     7 |     6 ||    32
 Stab: Sleeping          |       |       |       |     2 |       |       |       |       |       ||     2
       Invisible         |       |       |       |       |       |     5 |       |       |       ||     5
       Distracted        |       |       |       |       |       |       |     3 |     1 |       ||     4
  Eat: Chunk             |     1 |     5 |    14 |    22 |    47 |     5 |     3 |       |       ||    97
       Meat ration       |       |     1 |       |       |       |       |       |       |       ||     1
       Bread ration      |       |       |     1 |       |       |     1 |       |       |     8 ||    10
       Pizza             |       |       |       |     1 |     1 |       |       |       |     3 ||     5
       Royal jelly       |       |       |       |       |     1 |     8 |    14 |     4 |       ||    27
       Beef jerky        |       |       |       |       |     1 |    13 |     2 |     1 |     1 ||    18
       Fruit             |       |       |       |       |     1 |     1 |       |     3 |    48 ||    53
